 Dungeon Crawl Stone Soup version 0.29.1-13-g9f3cf754e1 (webtiles) character file.

Game seed: 16281584479919837516

95 nickcage the Cudgeller (level 4, 0/39 HPs)
             Began as a Minotaur Monk on Jan 30, 2023.
             Constricted to death by a ball python (1 damage)
             ... on level 3 of the Dungeon.
             The game lasted 00:06:04 (2566 turns).

nickcage the Cudgeller (Minotaur Monk)              Turns: 2566, Time: 00:06:05

Health: 0/39       AC:  3    Str: 18    XL:     4   Next: 39%
Magic:  3/3        EV:  9    Int:  7    God:
Gold:   114        SH:  4    Dex: 12    Spells: 3/3 levels left

rFire   . . .      SeeInvis .   a - +0 mace
rCold   . . .      Faith    .   l - +0 buckler
rNeg    . . .      Spirit   .   f - +0 leather armour
rPois   .          Reflect  .   (helmet restricted)
rElec   .          Harm     .   (no cloak)
rCorr   .          Rampage  .   (no gloves)
Will    .....                   (no boots)
Stlth   +.........              (no amulet)
HPRegen 0.13/turn               (no ring)
MPRegen 0.08/turn               (no ring)

@: constricted
A: horns 2, retaliatory headbutt
a: no special abilities


You were on level 3 of the Dungeon.
You visited 1 branch of the dungeon, and saw 3 of its levels.

You collected 114 gold pieces.

Inventory:

Hand Weapons
 a - a +0 mace (weapon)
Missiles
 i - 10 poisoned darts (quivered)
Armour
 b - a +0 robe
 f - a +0 leather armour (worn)
 l - a +0 buckler (worn)
Scrolls
 g - a scroll of teleportation
 h - 2 scrolls of poison
 o - a scroll of noise
Potions
 c - a potion of ambrosia
 d - a potion of heal wounds
 e - a potion of cancellation {unknown}
 m - a potion of curing {unknown}
 n - a potion of lignification {unknown}
 p - a potion of berserk rage {unknown}


   Skills:
 - Level 3.6 Fighting
 + Level 6.1 Maces & Flails
 - Level 3.2 Dodging
 - Level 1.5 Stealth
 * Level 1.4 Shields


You had 3 spell levels left.
You didn't know any spells.
Your spell library contained the following spells:

 Spells                   Type           Power      Damage    Failure   Level
 Slow                     Hex            0%         N/A       58%         1
 Confusing Touch          Hex            0%         N/A       92%         3
 Frozen Ramparts          Ice            0%         1d1       92%         3
 Vampiric Draining        Necr           0%         2d6       92%         3
 Ice Form                 Ice/Tmut       0%         N/A       100%        4
 Summon Ice Beast         Ice/Summ       0%         N/A       100%        4


Dungeon Overview and Level Annotations

Branches:
Dungeon (3/15)

Altars:

Shops:
D:2 (


Innate Abilities, Weirdness & Mutations

You have a pair of horns on your head.
You reflexively headbutt those who attack you in melee.


Message History

It was a scroll of noise.
You hear a shout!
As you read the scroll labelled RAWEFFI GUMIKU, it crumbles to dust.
It is a scroll of identify.
d - a potion of heal wounds An orc priest comes into view.
It is wielding a +0 flail.
A ball python and an orc wizard come into view.
Found 10 gold pieces.
The orc wizard shouts!
The ball python hisses angrily.
The orc wizard gestures at you while chanting.
The puff of flame hits you!
Things that are here:
a +0 hand axe of flaming; a +1 leather armour of cold resistance; a worm corpse The orc priest hits you with a +0 flail.
You hit the orc wizard but do no damage.
The orc priest hits you with a +0 flail.
The orc wizard hits you with a +0 dagger.
You sock the orc wizard!
The orc wizard is heavily wounded.
The orc priest barely misses you.
The orc wizard hits you with a +0 dagger.
You block the ball python's attack. The ball python grabs you.
The ball python constricts you.
You barely miss the ball python. You headbutt the ball python.
The ball python is heavily wounded.
The orc priest hits you with a +0 flail!
The orc wizard hits you but does no damage.
The ball python bites you but does no damage.
The ball python constricts you.
* * * LOW HITPOINT WARNING * * *
You closely miss the orc priest.
The orc priest hits you with a +0 flail!
* * * LOW HITPOINT WARNING * * *
The orc wizard barely misses you. The ball python barely misses you.
The ball python constricts you.
* * * LOW HITPOINT WARNING * * *
You closely miss the orc priest. You headbutt the orc priest.
The orc priest is moderately wounded.
You block the ball python's attack. The ball python constricts you.
You die...

# ................#
#.##.##.#.#####.###
# #. #.#.# #.#
##.##.#.### #.#
..........# #.#
##.##.#.#.# #.#
#.#.#.# #.#
##.##S#)# # .#
#....o@.#
......o......#
...............
.#..##.###.#.## #$
#. .# # # #. .# ..
# #.


You could see an orc priest, an orc wizard and a ball python.

Vanquished Creatures
  3 adders
  3 worms
  A dart slug (D:1)
  An orc (D:3)
  4 ball pythons
  5 endoplasms
  3 giant cockroaches
  6 goblins
  5 hobgoblins
  9 kobolds
  4 quokkas (D:1)
  2 bats
  2 frilled lizards (D:2)
  4 rats
52 creatures vanquished.

Notes
Turn   | Place    | Note
-------+----------+-------------------------------------------
     0 | D:1      | nickcage the Minotaur Monk began the quest for the Orb.
     0 | D:1      | Reached XP level 1. HP: 19/19 MP: 0/0
   261 | D:1      | Reached skill level 4 in Maces & Flails
   483 | D:1      | Reached XP level 2. HP: 26/26 MP: 1/1
   838 | D:1      | Reached skill level 5 in Maces & Flails
   875 | D:1      | Found a faded altar of an unknown god.
  1196 | D:2      | Reached XP level 3. HP: 30/31 MP: 2/2
  1863 | D:2      | Found Tumae's Antique Weapon Shop.
  1982 | D:2      | Reached skill level 1 in Shields
  2024 | D:2      | Reached XP level 4. HP: 35/39 MP: 3/3
  2387 | D:3      | Reached skill level 6 in Maces & Flails
  2565 | D:3      | HP: 1/39 [constriction (1)]
  2566 | D:3      | Constricted to death by a ball python

Illustrated notes

Levels and vault maps discovered:
D:1:      elethiomel_arrival_maze, layout_basic,
          dreamdust_ecumenical_altar_hidden_monk_grotto
D:2:      layout_loops_ring, serial_shops, nicolae_shop_behind_doors
D:3:      layout_basic, gammafunk_temple_overflow_pools

Skill      XL: |  1  2  3  4 |
---------------+-------------+-----
Maces & Flails | 4 5 6 |  6.1
Shields        | 1 |  1.4
Fighting       | |  3.6
Dodging        | |  3.2
Stealth        | |  1.5

Action                   |  1- 3 |  4- 6 || total
-------------------------+-------+-------++-------
Melee: Mace              |    84 |    34 ||   118
       Headbutt          |    17 |     4 ||    21
Throw: Stone             |     1 |       ||     1
  Use: Scroll            |       |     5 ||     5
 Stab: Sleeping          |     4 |     1 ||     5
Armor: Robe              |     1 |       ||     1
       Leather armour    |     9 |     7 ||    16
Dodge: Dodged            |    62 |    18 ||    80
Block: Buckler           |     1 |     4 ||     5
